Kradschützen Motorcycle Team
Selects Italian Combined Arms Battlegroup
Selects Bersaglieri Squad
Construct Light Support Kompanie
Selects Semovente da 75/18 Assault Gun
Selects Carro Armato M13/40 Light Tank
Construct Mechanized Kompanie
254 Reconnaissance Tractor
18-tonne Recovery Half-track
Selects Bersaglieri Bolster
Selects Breda Model 30 Light Machine Guns
Marder III Tank Destroyer
Marder III Tank Destroyer
Construct Panzerarmee Kommand